 Dungeon Crawl Stone Soup version 0.31-a0-175-g9f7f995f2b (webtiles) character file.

Game seed: 5222917812327147834

1360 Moral the Thaumaturge (level 8, -7/50 HPs)
             Began as a Djinni Fire Elementalist on June 17, 2023.
             Was an Initiate of Makhleb.
             Mangled by Maggie
             ... wielding a +1 morningstar of draining
              (17 damage)
             ... on level 6 of the Dungeon.
             The game lasted 00:13:56 (5234 turns).

Moral the Thaumaturge (Djinni Fire Elementalist)    Turns: 5234, Time: 00:13:58

Health: -7/50      AC:  2    Str:  7    XL:     8   Next: 96%
Gold:   314        EV: 17    Int: 19    God:    Makhleb [......] SH:  0 Dex: 14

rFire   + + .        q - +2 dagger (drain)
rCold   x . .        (no shield)
rNeg    . . .        a - +0 robe
rPois   ∞            (no helmet)
rElec   .            (no cloak)
rCorr   .            (no gloves)
SInv    .            (boots unavailable)
Will    .....        s - amulet of faith
Stlth   ++           g - +5 ring of evasion
HPRegen 0.28/turn    (no ring)
MPRegen 0.00/turn

%: faith, infuse magic (-8 HP)
@: flying
A: sickness immunity, fire resistance 2, cold vulnerability 1, float, innate
caster, HP casting, extra vitality 1
a: Renounce Religion


You were on level 6 of the Dungeon.
You worshipped Makhleb.
Makhleb was noncommittal.
You visited 1 branch of the dungeon, and saw 6 of its levels.

You collected 314 gold pieces.

Inventory:

Hand Weapons
 q - a +2 dagger of draining (weapon)
Armour
 a - a +0 robe (worn)
 o - a +0 cloak
Jewellery
 g - a +5 ring of evasion (left hand)
 s - an amulet of faith (around neck)
 w - a ring of ice
Scrolls
 b - 2 scrolls of teleportation
 h - a scroll of fog
 i - a scroll of immolation
 k - 3 scrolls of enchant weapon {unknown}
 l - a scroll of identify
 m - a scroll of enchant armour
 n - a scroll of revelation {unknown}
 r - a scroll of amnesia {unknown}
 t - a scroll of vulnerability {unknown}
 v - a scroll of fear {unknown}
Potions
 c - a potion of lignification {unknown}
 d - 2 potions of degeneration {unknown}
 e - 4 potions of curing {unknown}
 f - a potion of enlightenment {unknown}
 j - a potion of cancellation {unknown}
 p - a potion of might {unknown}
 u - a potion of attraction {unknown}


   Skills:
 - Level 2.1 Dodging
 - Level 1.5 Stealth
 + Level 8.3 Spellcasting
 + Level 8.3 Conjurations
 + Level 8.3 Hexes
   Level 0.0 Charms
 + Level 8.3 Summonings
 + Level 8.3 Necromancy
 + Level 8.3 Translocations
 + Level 8.3 Transmutations
 + Level 8.3 Fire Magic
 + Level 8.3 Ice Magic
 + Level 8.3 Air Magic
 + Level 8.3 Earth Magic
 + Level 8.3 Poison Magic


You knew the following spells:

 Your Spells              Type           Power      Damage    Failure   Level
a - Foxfire               Conj/Fire      100%       2x1d9     1%          1
b - Scorch                Fire           78%        2d8       1%          2
c - Volatile Blastmotes   Fire/Tloc      78%        2d16      1%          3
d - Inner Flame           Hex/Fire       39%        N/A       1%          3
e - Flame Wave            Conj/Fire      39%        2d11      3%          4
f - Magic Dart            Conj           100%       1d8       1%          1
g - Ensorcelled Hibernat  Hex/Ice        78%        N/A       1%          2
h - Call Imp              Summ           78%        N/A       1%          2
Your spell library was empty.

Dungeon Overview and Level Annotations

Branches:
Dungeon (6/15)
 Temple: D:4-7

Altars:
Ashenzari
Dithmenos
Fedhas
Makhleb

Annotations:
D:6 Maggie


Innate Abilities, Weirdness & Mutations

You are immune to sickness and miasma.
You are immune to poison.
Your flesh is very heat resistant. (rF++)
You are vulnerable to cold. (rC-)
You float through the air rather than walking.
You learn spells naturally, not from books.
Your magical power is your life essence.
You have superior vitality. (+4 MHP)


Message History

You swap places.
The cloud of blastmotes explodes!
The concussive blast engulfs your cerulean imp.
Your cerulean imp is moderately wounded.
The concussive blast engulfs Maggie!
Maggie is lightly wounded.
The concussive blast engulfs you. You resist.
Maggie is knocked back by the blast.
You are knocked back by the blast.
Your cerulean imp disappears in a puff of smoke!
Casting: Volatile Blastmotes (safe; 1% risk of failure)
Confirm with . or Enter, or press ? or * to list all spells.
You conjure some foxfire!
Maggie gestures wildly while chanting.
Maggie attempts to bespell you! You resist with some effort.
The foxfire hits Maggie.
Maggie is lightly wounded.
The foxfire hits Maggie.
Maggie is moderately wounded.
Casting: Foxfire (safe; 1% risk of failure)
Confirm with . or Enter, or press ? or * to list all spells.
You conjure some foxfire!
Maggie casts a spell at you. The bolt of fire hits you! You resist.
The foxfire hits Maggie.
Maggie is moderately wounded.
The foxfire hits Maggie.
Maggie is moderately wounded.
Casting: Foxfire (safe; 1% risk of failure)
Confirm with . or Enter, or press ? or * to list all spells.
Flames lash Maggie.
Maggie is heavily wounded.
Maggie's fire resistance burns away.
Maggie hits you with a +1 morningstar of draining!!
* * * LOW HITPOINT WARNING * * *
Casting: Scorch (safe; 1% risk of failure)
Confirm with . or Enter, or press ? or * to list all spells.
Flames lash Maggie.
Maggie is burned terribly!
Maggie is severely wounded.
* * * LOW HITPOINT WARNING * * *
Maggie hits you with a +1 morningstar of draining!
You die...

################
#.....#.........
#.....#.........
#.....#.@.......
#.....#@........
#.....'.........
#.....#.........
##..###.....##..
.######'############
...................#
...................#
...................#
....


You could see Maggie (combustible).

Vanquished Creatures
  Pikel (D:5)
  Grinder (D:5)
  An ice beast (D:5)
  A black bear (D:5)
  An ogre (D:4)
  A lemure (D:5)
  A scorpion (D:5)
  A howler monkey (D:5)
  A hound (D:5)
  A sleepcap (D:5)
  An iguana (D:4)
  7 adders
  A shadow imp (D:3)
  An ufetubus (D:6)
  2 worms (D:3)
  6 orcs (D:4)
  4 endoplasms
  A giant cockroach (D:3)
  5 goblins
  4 hobgoblins
  5 jackals (D:3)
  7 kobolds
  2 quokkas
  6 ball pythons
  3 bats
  A frilled lizard (D:2)
  3 rats (D:1)
69 creatures vanquished.

Vanquished Creatures (collateral kills)
  A black bear (D:6)
  A sleepcap (D:6)
  A quokka (D:5)
3 creatures vanquished.

Vanquished Creatures (others)
  185 foxfires
185 creatures vanquished.

Grand Total: 257 creatures vanquished

Notes
Turn   | Place    | Note
-------+----------+-------------------------------------------
     0 | D:1      | Moral the Djinni Fire Elementalist began the quest for the
                  | Orb.
     0 | D:1      | Moral set off with the following spells memorised: Foxfire,
                  | Scorch, Volatile Blastmotes, Inner Flame, Flame Wave.
     0 | D:1      | Reached XP level 1. HP: 15/15 MP: 0/0
   382 | D:1      | Reached XP level 2. HP: 16/21 MP: 0/0
  1073 | D:2      | Reached XP level 3. HP: 24/25 MP: 0/0
  1073 | D:2      | Learned a level 1 spell: Magic Dart
  1759 | D:3      | Reached XP level 4. HP: 27/31 MP: 0/0
  2759 | D:4      | Reached XP level 5. HP: 31/35 MP: 0/0
  2759 | D:4      | Learned a level 2 spell: Ensorcelled Hibernation
  2861 | D:4      | Noticed an ogre
  2866 | D:4      | Killed an ogre
  2867 | D:4      | Reached skill level 5 in Spellcasting
  2867 | D:4      | Reached skill level 5 in Conjurations
  2867 | D:4      | Reached skill level 5 in Hexes
  2867 | D:4      | Reached skill level 5 in Summonings
  2867 | D:4      | Reached skill level 5 in Necromancy
  2867 | D:4      | Reached skill level 5 in Translocations
  2867 | D:4      | Reached skill level 5 in Transmutations
  2867 | D:4      | Reached skill level 5 in Fire Magic
  2867 | D:4      | Reached skill level 5 in Ice Magic
  2867 | D:4      | Reached skill level 5 in Air Magic
  2867 | D:4      | Reached skill level 5 in Earth Magic
  2867 | D:4      | Reached skill level 5 in Poison Magic
  2867 | D:4      | Reached XP level 6. HP: 39/40 MP: 0/0
  3467 | D:4      | Found a shadowy altar of Dithmenos.
  3547 | D:4      | Found a burning altar of Makhleb.
  3553 | D:4      | Became a worshipper of Makhleb the Destroyer
  3951 | D:5      | Entered Level 5 of the Dungeon
  4211 | D:5      | Reached XP level 7. HP: 31/45 MP: 0/0
  4211 | D:5      | Learned a level 2 spell: Call Imp
  4305 | D:5      | Noticed Grinder
  4308 | D:5      | Paralysed by Grinder for 4 turns
  4339 | D:5      | Killed Grinder
  4444 | D:5      | Found a broken altar of Ashenzari.
  4570 | D:5      | Reached XP level 8. HP: 7/50 MP: 0/0
  4908 | D:5      | Found a blossoming altar of Fedhas.
  4960 | D:5      | Noticed Pikel
  4972 | D:5      | Killed Pikel
  5225 | D:6      | Noticed Maggie
  5234 | D:6      | Mangled by Maggie

Illustrated notes

Levels and vault maps discovered:
D:1:      scummos_arrival_simple_crosswalls, layout_loops_ring
D:2:      layout_loops_corners
D:3:      layout_loops_corners, nrook_mini_backslash, st_stairs_12,
          eino_tiny_chamber
D:4:      layout_cave_pods, kennysheep_mini_moat, lemuel_round_altar,
          chequers_avenue
D:5:      layout_rooms, mainiacjoe_overflow_chevrons, fedhas_altar_4,
          uniq_pikel, uniq_grinder
D:6:      layout_gridville, amcnicky_altar_gilded, grunt_ministairs_4,
          dreamdust_princess_corridor, dk_vineyard_2, uniq_maggie,
          uniq_blork_the_orc

Skill      XL: |  1  2  3  4  5  6  7  8 |
---------------+-------------------------+-----
Spellcasting   | 4 5 7 8 |  8.3
Conjurations   | 4 5 7 8 |  8.3
Hexes          | 4 5 7 8 |  8.3
Summonings     | 4 5 7 8 |  8.3
Necromancy     | 4 5 7 8 |  8.3
Translocations | 4 5 7 8 |  8.3
Transmutations | 4 5 7 8 |  8.3
Fire Magic     | 4 5 7 8 |  8.3
Ice Magic      | 4 5 7 8 |  8.3
Air Magic      | 4 5 7 8 |  8.3
Earth Magic    | 4 5 7 8 |  8.3
Poison Magic   | 4 5 7 8 |  8.3
Dodging        | |  2.1
Stealth        | |  1.5

Action                     |  1- 3 |  4- 6 |  7- 9 || total
---------------------------+-------+-------+-------++-------
  Melee: Unarmed           |     5 |       |       ||     5
   Cast: Foxfire           |    32 |    55 |    27 ||   114
         Scorch            |     6 |    18 |    17 ||    41
         Magic Dart        |     1 |     2 |       ||     3
         Ensorcelled Hiber |       |     3 |       ||     3
         Volatile Blastmot |       |     4 |     1 ||     5
         Flame Wave        |       |     2 |     2 ||     4
         Call Imp          |       |       |     3 ||     3
    Use: Scroll            |       |       |     4 ||     4
 Armour: Robe              |     1 |     5 |     2 ||     8
  Dodge: Dodged            |    14 |    41 |    24 ||    79

Table legend: (Time is in decaauts)
 A = Elapsed time spent in this place.
 B = Non-inter-level travel time spent in this place.
 C = Inter-level travel time spent in this place.
 D = Time resting spent in this place.
 E = Time spent auto-exploring this place.
 F = Levels seen in this place.
 G = Mean time per level.
                   A        B        C        D        E       F      G
               +--------+--------+--------+--------+--------+-----+--------+
         Total |   5230 |   5113 |    117 |    886 |   3518 |   6 |  871.7 |
       Dungeon |   5230 |   5113 |    117 |    886 |   3518 |   6 |  871.7 |
               +--------+--------+--------+--------+--------+-----+--------+

Top non-repeatable levels by time:
     D:4: 1207 daAuts
     D:5: 1122 daAuts
     D:3: 1025 daAuts
     D:2: 990 daAuts
     D:1: 723 daAuts
     D:6: 159 daAuts
